[Event "Late-Titled-Tuesday-Blitz-August-29-2023"]
[Site "Chess.com"]
[Date "2023.08.29"]
[Round "10"]
[White "Ramosha"]
[Black "Byniolus"]
[Result "1-0"]
[WhiteElo "2658"]
[BlackElo "2855"]
[TimeControl "180+1"]
[EndTime "15:53:43 PDT"]
[Termination "Ramosha won on time"]

1. e4 d6 2. d4 Nf6 3. Nc3 c6 4. f4 Qb6 5. Nf3 Bg4 6. Bc4 e6 7. e5 Nd5 8. Nxd5 cxd5 9. Bb3 Bxf3 10. gxf3 Nc6 11. c3 g6 12. Qe2 O-O-O 13. Be3 h5 14.
O-O-O Kb8 15. h4 Rc8 16. Kb1 Na5 17. Qc2 Be7 18. Rh2 Rc7 19. Rg1 Rhc8 20. Qd1 a6 21.
Bc1 Ka8 22. Rgg2 Nc4 23. Bxc4 Rxc4 24. Qb3 Qd8 25. Bd2 Bxh4 26. Qd1 Be7 27. b3 R4c6 28. Be1 Qd7 29. Rc2 Bd8 30. Qe2 Ba5 31. Kb2 Qc7 32.
Qd3 Qd8 33. Bh4 Qe8 34. c4 dxc4 35. bxc4 Rb6+ 36. Kc1 Qa4 37. Be7 dxe5 38. fxe5 Rbc6 39. c5 Bb4 40. Bd6 Qa5 41. Kd1 Rg8 42. Rb2 Ba3 43.
Rb3 Bb4 44. Qb1 Bc3 45. Rxb7 1-0

[Event "Late-Titled-Tuesday-Blitz-August-29-2023"]
[Site "Chess.com"]
[Date "2023.08.29"]
[Round "10"]
[White "HamedWafa4"]
[Black "Colombiano07"]
[Result "1-0"]
[WhiteElo "2570"]
[BlackElo "2457"]
[TimeControl "180+1"]
[EndTime "15:53:43 PDT"]
[Termination "HamedWafa4 won by resignation"]

1. e4 c6 2. d4 d5 3. exd5 cxd5 4. Bd3 Nc6 5. c3 Nf6 6. Bf4 Bg4 7. Qb3 Qd7 8. Nd2 e6 9. Ngf3 Bxf3 10. Nxf3 Bd6 11. Bxd6 Qxd6 12. O-O O-O 13. Rfe1 Qc7 14. a4 Na5 15.
Qd1 Nd7 16. h4 Nc4 17. Qe2 Rac8 18. h5 h6 19. Rac1 a6 20. Bb1 Rfe8 21. Nh2 b5 22. axb5 axb5 23. Ng4 Qf4 24. g3 Qg5 25. f4 Qxh5 26. Kg2 f5 27. Ne3 Qxe2+ 28. Rxe2 Nxe3+ 29. Rxe3 Nb6 30. Rce1 Kf7 31. Bd3 b4 32. cxb4 Nc4 33. R3e2 Nd6 34. Ra1 Re7 35. b5 Rb8 36. Ra5 Reb7 37. Rc2 Nxb5 38. Bxb5 Rxb5 39. Rc7+ Kf6 40. Raa7 Rxb2+ 41. Kh3 Rg8 42. Rf7+ Kg6 43. Rfe7 Re2 44. Rad7 Re4 45. Kg2 h5 46. Kf3 Kh6 47.
Ra7 Kg6 48. Rab7 Kh6 49. Rb6 Rxd4 50. Rbxe6+ g6 51. Rf6 Re4 52. Rd7 d4 53. Rff7 Re3+ 54. Kf2 Rh8 55. Rxd4 h4 56. Kxe3 1-0

[Event "Late-Titled-Tuesday-Blitz-August-29-2023"]
[Site "Chess.com"]
[Date "2023.08.29"]
[Round "10"]
[White "garfield_pg"]
[Black "The_Princess_Moon"]
[Result "1-0"]
[WhiteElo "2381"]
[BlackElo "2211"]
[TimeControl "180+1"]
[EndTime "15:53:44 PDT"]
[Termination "garfield_pg won on time"]

1. d4 c5 2. d5 d6 3. Nc3 e5 4. e4 Nf6 5. Bb5+ Bd7 6. a4 g6 7.
Nf3 Bg7 8. Nd2 O-O 9. O-O Ne8 10. Be2 f5 11. exf5 gxf5 12. Nc4 Na6 13. f4 e4 14. Kh1 Nac7 15. h3 Qh4 16. Be3 Bf6 17. Rg1 Kh8 18. Qf1 Bxc3 19. bxc3 Nxd5 20. Bd2 Bc6 21.
Na5 Nef6 22. c4 Nc7 23. Nxc6 bxc6 24. Bc3 Ne6 25. Rd1 Rad8 26. g3 Qh6 27. Kh2 Kg8 28. Qf2 Kf7 29. Rd2 d5 30. cxd5 Nxd5 31. Rxd5 cxd5 32. Be5 Rg8 33. Rb1 Rd7 34. Rd1 Qf8 35. Bb5 Rd8 36. Bc6 d4 37. Rb1 e3 38. Qf3 Kg6 39. g4 Qe7 40. Qg3 Rc8 41. Rb7 Nc7 42. gxf5+ Kxf5 43. Qf3 Kg6 44. Qg4+ Kf7 45. Bd5+ Ke8 46.
Qxc8+ 1-0

[Event "Late-Titled-Tuesday-Blitz-August-29-2023"]
[Site "Chess.com"]
[Date "2023.08.29"]
[Round "10"]
[White "Onthequiet"]
[Black "ural58"]
[Result "0-1"]
[WhiteElo "2363"]
[BlackElo "2515"]
[TimeControl "180+1"]
[EndTime "15:53:45 PDT"]
[Termination "ural58 won by resignation"]

1. d4 d5 2. Nf3 Nc6 3. Bf4 Bg4 4. c3 e6 5. Nbd2 Bd6 6. Bg3 f5 7. e3 Qf6 8. Qb3 O-O-O 9. Bb5 Nge7 10. a4 f4 11. exf4 Bxf4 12. Bxf4 Qxf4 13. a5 a6 14. Be2 e5 15. Ra4 e4 16. Ng1 Rhf8 17. Bxg4+ Qxg4 18.
g3 Nf5 19. Qd1 Qg6 20. Nf1 h5 21. Nh3 h4 22. Nf4 Qh6 23. Qh5 Qxh5 24. Nxh5 Rde8 25. b4 e3 26. fxe3 Nxe3 27. Nxe3 Rxe3+ 28. Kd2 Rff3 29. Rc1 Rd3+ 30. Ke2 Rxc3 31. Rxc3 Rxc3 32. Nf4 Nxd4+ 33.
Kf2 hxg3+ 34. hxg3 c6 35. Ra1 Nf5 36. g4 Nd4 37. Nh5 g6 38. Ng7 Rf3+ 39. Kg2 Rf7 40. Ne8 Kd7 41. Re1 Nc2 42. Re2 Nxb4 43. g5 Rf5 44. Nf6+ Kd6 45. Nh7 d4 46. Re8 d3 47.
Rd8+ Kc5 48. Nf6 Rxg5+ 49. Kh3 Re5 50. Nd7+ Kd6 51. Nxe5+ Kxe5 52. Kg2 c5 53. Kf2 c4 54. Ke3 g5 55. Re8+ Kd5 56. Rd8+ Kc5 57. Rb8 c3 58.
Rxb7 c2 59. Kd2 Na2 60. Rc7+ Kb5 61. Rxc2 dxc2 62. Kxc2 Kxa5 0-1

[Event "Late-Titled-Tuesday-Blitz-August-29-2023"]
[Site "Chess.com"]
[Date "2023.08.29"]
[Round "10"]
[White "jaskol95"]
[Black "Cambek64"]
[Result "1-0"]
[WhiteElo "2582"]
[BlackElo "2500"]
[TimeControl "180+1"]
[EndTime "15:53:51 PDT"]
[Termination "jaskol95 won on time"]

1. e4 Nf6 2. e5 Nd5 3. Nc3 Nxc3 4. dxc3 d6 5. Bc4 e6 6. Nf3 Be7 7. Bf4 O-O 8. O-O d5 9. Bd3 c5 10. c4 d4 11. Nd2 Bd7 12. Ne4 Bc6 13. Qh5 g6 14.
Qh6 Bxe4 15. Bxe4 Nc6 16. h4 Re8 17. Bg3 Bf8 18. Qd2 h5 19. f4 Bg7 20. a3 a5 21.
Bf2 Qc7 22. g3 Red8 23. Kg2 b6 24. Qd3 Rac8 25. g4 hxg4 26. h5 g5 27. h6 gxf4 28. hxg7 Nxe5 29. Qd2 Nxc4 30. Qd3 Ne3+ 31. Kg1 f5 32.
Bg2 Kxg7 33. Bxe3 dxe3 34. Qc3+ Rd4 35. b4 Rd8 36. bxa5 bxa5 37. Rab1 Qe5 38. Rb7+ Kf6 39. Qxa5 e2 40. Re1 f3 41. Qa7 Kg6 42. Rh7 Rd1 43. Qf7+ Kg5 44. Qh5+ Kf4 45. Qh2+ Ke3 46. Qxe5+ Kd2 47.
Kf2 Rxe1 48. Qe3+ 1-0

[Event "Late-Titled-Tuesday-Blitz-August-29-2023"]
[Site "Chess.com"]
[Date "2023.08.29"]
[Round "10"]
[White "Cluke86"]
[Black "NelsonLinda"]
[Result "0-1"]
[WhiteElo "2289"]
[BlackElo "2461"]
[TimeControl "180+1"]
[EndTime "15:53:51 PDT"]
[Termination "NelsonLinda won on time"]

1. e4 g6 2. Nc3 c6 3. d4 d5 4.
e5 h5 5. h4 Nh6 6. Nh3 Bxh3 7.
Rxh3 e6 8. Bg5 Qb6 9. a3 Nd7 10. Qd2 Nf5 11. O-O-O c5 12. dxc5 Bxc5 13. f3 Rc8 14. g4 Ne3 15. Re1 Nxf1 16. Rxf1 Bd4 17. Na4 Qb5 18. Rd1 Qxa4 19. gxh5 Rxh5 20. f4 Bb6 21. f5 gxf5 22. Qe2 Qc4 23. Qd2 Nc5 24. Rc3 Ba5 25. b4 Nb3+ 26. cxb3 Qxc3+ 27. Qxc3 Rxc3+ 28.
Kb2 Bxb4 29. axb4 Rc8 30. b5 Kd7 31. Ra1 Ra8 32. b6 a6 33. b4 Rc8 34. Bf6 f4 35.
Rg1 f3 36. Rg7 f2 37. Rxf7+ Kc6 38. Bg5 Rhh8 39. Rxf2 Rcf8 40. Rc2+ Kxb6 41. Be3+ Kb5 42. Kb3 Rf3 43. Rc5+ Kb6 44. Rc3+ Rxe3 45. Rxe3 Rxh4 46. Rf3 Re4 47. Rf7 Rxe5 48. Re7 Re3+ 49. Ka4 Re4 50. Rd7 Kc6 51. Re7 b6 52. Ra7 a5 0-1

[Event "Late-Titled-Tuesday-Blitz-August-29-2023"]
[Site "Chess.com"]
[Date "2023.08.29"]
[Round "10"]
[White "viktorskliarov"]
[Black "HenriL"]
[Result "1-0"]
[WhiteElo "2698"]
[BlackElo "2528"]
[TimeControl "180+1"]
[EndTime "15:53:55 PDT"]
[Termination "viktorskliarov won by resignation"]

1. e4 d6 2. d4 e5 3. Ne2 Nc6 4. Nbc3 g6 5. f3 Bg7 6. Be3 Nge7 7. Qd2 h6 8. O-O-O a6 9. g4 b5 10.
d5 Nb8 11. Ng3 Nd7 12. h4 Bb7 13. Kb1 Nc5 14. Nce2 Qd7 15. Nc1 a5 16. Nb3 Nxb3 17. cxb3 b4 18. Rc1 Ba6 19. Bxa6 Rxa6 20. Qd3 Ra8 21. Rc4 c5 22. dxc6 Nxc6 23. Qd5 Rc8 24. Rhc1 Ne7 25. Rxc8+ Nxc8 26. Qxa5 O-O 27. Qxb4 Qe7 28.
g5 hxg5 29. hxg5 Qe6 30. Rh1 d5 31. exd5 Qxd5 32. Qe4 Qb5 33. Qc4 Qb7 34. Ne4 Rd8 35.
Rc1 Ne7 36. Qc7 Qxc7 37. Rxc7 Nd5 38. Rc3 Nxc3+ 39. bxc3 Bf8 40. Kc2 Be7 41. a4 Rb8 42. b4 Kf8 43. a5 Ke8 44. a6 Kd7 45. a7 Ra8 46. Kb3 Kc6 47. c4 Bd8 48. b5+ Kb7 49. c5 Kxa7 50. c6+ Kb8 51. b6 Bxb6 52. Bxb6 Ra6 53.
c7+ Kc8 54. Nd6+ Kd7 55. c8=Q+ Kxd6 56. Qc5+ Ke6 57. Qc4+ Kf5 58. Qxa6 1-0

[Event "Late-Titled-Tuesday-Blitz-August-29-2023"]
[Site "Chess.com"]
[Date "2023.08.29"]
[Round "10"]
[White "KrokerGuy"]
[Black "GoltsevDmitry2000"]
[Result "0-1"]
[WhiteElo "2507"]
[BlackElo "2632"]
[TimeControl "180+1"]
[EndTime "15:53:55 PDT"]
[Termination "GoltsevDmitry2000 won by resignation"]

1. e4 e6 2. d4 d5 3. Nc3 c5 4.
exd5 exd5 5. Bb5+ Nc6 6. Nf3 Nf6 7. O-O Be7 8. dxc5 Bxc5 9. Re1+ Be6 10. Ne5 O-O 11.
Bxc6 bxc6 12. Bg5 Qb6 13. Nd3 Be7 14. Nf4 Ng4 15. Nxe6 Nxf2 16. Qd4 fxe6 17. Qxb6 axb6 18. Bxe7 Rf7 19. Rxe6 Re8 20. Rae1 d4 21. Nb1 d3 22. cxd3 Nxd3 23. R1e3 Nf4 24. R6e4 Nd5 25. Bg5 Ref8 26.
Re1 h6 27. Bh4 Nf4 28. Bg3 Nd3 29. Rd1 Nxb2 30. Rc1 Nd3 31. Rd1 Nb2 32. Rde1 Nd3 33. Rd1 Nc5 34. Ree1 Ra8 35. Re2 b5 36. Nc3 Ra3 37. Ne4 Nd3 38. Nd6 Rfa7 39. Red2 Nc5 40. Nc8 Ra8 41. Ne7+ Kf7 42. Nxc6 Ne4 43. Rc2 Rxa2 44.
Ne5+ Ke6 45. Rxa2 Rxa2 46. Rb1 Nc3 47. Rb3 Ne2+ 48. Kf2 Nd4+ 49. Ke3 Nxb3 50. Nd3 g5 51. h3 Rxg2 52. Be1 Rh2 53. Nf2 Rg2 54. Kf3 Rg1 55.
Nd3 Nd4+ 56. Kf2 Rh1 57. Kg2 Rxe1 58. Nxe1 b4 59. Nd3 b3 60. Kf2 Kd5 61. Ke3 Kc4 62. Kd2 Nf3+ 63. Ke3 Kc3 64. Nc5 Ng1 65. Nxb3 Kxb3 66.
h4 gxh4 67. Kf2 Nh3+ 68. Kf3 Ng5+ 69. Kg4 h3 0-1

[Event "Late-Titled-Tuesday-Blitz-August-29-2023"]
[Site "Chess.com"]
[Date "2023.08.29"]
[Round "10"]
[White "ToddBryant"]
[Black "ritanovikova"]
[Result "0-1"]
[WhiteElo "2315"]
[BlackElo "2162"]
[TimeControl "180+1"]
[EndTime "15:53:55 PDT"]
[Termination "ritanovikova won by resignation"]

1. e4 d5 2. exd5 Qxd5 3. Nc3 Qd6 4. d4 Nf6 5. Nf3 a6 6. g3 Bg4 7. Bg2 e6 8. Bf4 Qd8 9. O-O Bd6 10. Be5 Nc6 11. Re1 O-O 12. h3 Bh5 13. g4 Bg6 14.
Ng5 h6 15. Nge4 Nxe4 16. Nxe4 Bxe5 17. dxe5 Nxe5 18. Qe2 Qe7 19. Rad1 Rad8 20. f4 Nc6 21. Rf1 Rxd1 22. Rxd1 Rd8 23. Rf1 Bxe4 24. Bxe4 Qc5+ 25. Qf2 Qxf2+ 26. Rxf2 Rd6 27. c3 Ne7 28. Bxb7 a5 29. Be4 Rb6 30. Kg2 g6 31. Kf3 Kg7 32. Rd2 Nc8 33. b3 Nd6 34. c4 f5 35. Bc2 Rc6 36. Re2 Kf6 37. Re5 g5 38. Rxa5 gxf4 39.
Kxf4 Nf7 40. gxf5 e5+ 41. Kf3 Ng5+ 42. Kg3 Rd6 43. a4 Rd2 44. Bb1 Rb2 45. Rc5 Rxb1 46.
Rxc7 Rxb3+ 47. Kf2 Kxf5 48. c5 Rc3 49. c6 Ne6 50.
Rc8 Ke4 51. Ke1 Ke3 52. Kd1 Rc5 53. h4 e4 54. a5 Rxa5 55. Kc2 Rc5+ 56. Kb3 Nd4+ 57. Kb4 Rxc6 58. Rg8 Rb6+ 59. Kc5 Rc6+ 60. Kd5 Ra6 61. Rg3+ Kf4 62. Rg8 Ra5+ 63. Kxd4 Ra4+ 64. Kd5 e3 65. Rf8+ Kg3 66. Kc5 Rf4 67. Re8 Kf2 68.
Kd5 e2 69. Kc5 e1=Q 0-1

[Event "Late-Titled-Tuesday-Blitz-August-29-2023"]
[Site "Chess.com"]
[Date "2023.08.29"]
[Round "10"]
[White "IMRosen"]
[Black "GMKrikor"]
[Result "0-1"]
[WhiteElo "2621"]
[BlackElo "2876"]
[TimeControl "180+1"]
[EndTime "15:53:56 PDT"]
[Termination "GMKrikor won on time"]

1. d4 Nf6 2. Bf4 g6 3. Nc3 d5 4. e3 c6 5. h4 h6 6. Nf3 Bg7 7. Ne5 Nbd7 8. Bd3 e6 9. Qf3 Nxe5 10. Bxe5 O-O 11. O-O-O b6 12. g4 Nd7 13. Bxg7 Kxg7 14.
Qg3 c5 15. h5 g5 16. f4 c4 17. Be2 b5 18. Nxb5 Rb8 19. Nc3 Qb6 20. fxg5 hxg5 21. h6+ Kh8 22. Kd2 f6 23. h7 Rf7 24. Rdf1 Bb7 25. Rh6 Rbf8 26. Qh2 Qd8 27. Qh5 Qe7 28. Rh1 e5 29. Rg6 Rg7 30. Bf3 Rxg6 31. Qxg6 exd4 32. exd4 Re8 33. Qh5 Qe3+ 34. Kd1 Qxf3+ 35. Kc1 Qe3+ 36. Kb1 Qe1+ 37. Nd1 Qe7 38. a4 Rf8 39. Rh3 Qf7 40. Qh6 Re8 41. Ne3 Nf8 42. Nf5 Qg6 43. Qxg6 Nxg6 44.
Rh6 Nf8 45. Rxf6 Nxh7 46. Rf7 Bc8 47. Rxa7 Bxf5 48. gxf5 g4 49. Ra6 Rg8 50. Re6 g3 51. Re1 Nf6 52. Rd1 Ne4 53. Rh1+ Kg7 54. Rg1 Kf6 55. b3 Rb8 56. Kb2 Kxf5 0-1

[Event "Late-Titled-Tuesday-Blitz-August-29-2023"]
[Site "Chess.com"]
[Date "2023.08.29"]
[Round "10"]
[White "Matibar"]
[Black "ahkashefi2800"]
[Result "0-1"]
[WhiteElo "2803"]
[BlackElo "2602"]
[TimeControl "180+1"]
[EndTime "15:53:57 PDT"]
[Termination "ahkashefi2800 won by resignation"]

1. f4 d5 2. Nf3 g6 3. g3 Bg7 4.
Bg2 Nh6 5. O-O Nf5 6. d3 d4 7.
c3 c5 8. e4 dxe3 9. Qe2 h5 10.
Bxe3 h4 11. Bf2 hxg3 12. hxg3 Nc6 13. Nbd2 Be6 14. Ne4 b6 15. Rad1 Qd7 16. Rfe1 O-O-O 17. d4 cxd4 18. Qa6+ Qb7 19. Qxb7+ Kxb7 20. Neg5 Bxa2 21. cxd4 Bd5 22. Ne5 Bxe5 23. dxe5 Bxg2 24. Kxg2 f6 25. Nf7 Rxd1 26. Rxd1 Rh7 27. e6 Kc8 28. Rc1 Kb7 29.
Rd1 Kc8 30. Rd7 Ng7 31. Nd6+ exd6 32. Rf7 Kd8 33. Rxf6 Ke7 34. Rxg6 Nxe6 35. f5 Nf8 36. Rg5 Nd8 37. g4 Nf7 38. Rh5 Rxh5 39. gxh5 Kf6 40.
Kf3 Kxf5 41. Bh4 Ne5+ 42. Ke2 Ne6 43. Be7 Nf4+ 44. Kd2 Nxh5 45. Kc3 Ke6 46. Bd8 Nf4 47. Kb4 Nc6+ 48. Kb5 Nxd8 49. b4 Kd7 50. Ka6 Kc7 51.
b5 Nd5 52. Kxa7 Ne7 53. Ka6 Ne6 54. Ka7 Nc8+ 55. Ka8 Ne7 56. Ka7 d5 57. Ka8 d4 0-1

[Event "Late-Titled-Tuesday-Blitz-August-29-2023"]
[Site "Chess.com"]
[Date "2023.08.29"]
[Round "10"]
[White "rachidhuilda"]
[Black "SHIVACalypso"]
[Result "1-0"]
[WhiteElo "2377"]
[BlackElo "2492"]
[TimeControl "180+1"]
[EndTime "15:53:58 PDT"]
[Termination "rachidhuilda won on time"]

1. d4 Nf6 2. Bg5 Ne4 3. Bf4 c5 4. f3 Nf6 5. dxc5 Qa5+ 6. Nc3 Qxc5 7. e4 a6 8. Qd2 e5 9. Be3 Qa5 10. Bc4 Bb4 11. Nge2 b5 12. Bb3 Nc6 13. a3 O-O 14. O-O Be7 15. Rfd1 Qc7 16. Nd5 Nxd5 17. Bxd5 Bb7 18.
Rac1 Na5 19. Bxb7 Nxb7 20. Qxd7 Rac8 21. Qxc7 Rxc7 22. Nc3 Bc5 23. Kf2 Rfc8 24. Rd2 f6 25. Nd5 Bxe3+ 26. Kxe3 Rf7 27. Rcd1 Na5 28. b3 Nc6 29. c3 Na5 30. Rb1 Kf8 31. a4 bxa4 32. bxa4 Nc4+ 33. Kd3 Nxd2 34. Kxd2 Rd7 35. Rb6 a5 36. Rb5 Ra7 37. Kd3 Kf7 38. c4 g6 39.
g4 f5 40. gxf5 gxf5 41. c5 fxe4+ 42. fxe4 Ke6 43. Kc4 Rf7 44. Rb6+ Kd7 45. Rd6+ Ke8 46. c6 Rf1 47. Kb5 Rc1 48. c7 R1xc7 49. Nxc7+ Rxc7 50. Re6+ Kd7 51. Rxe5 Kd6 52. Rh5 Rb7+ 53. Kxa5 Kc6 54. e5 Kc5 55. Ka6 Rb6+ 56. Ka5 Rb7 57. e6+ Kd6 58. Rh6 1-0

[Event "Late-Titled-Tuesday-Blitz-August-29-2023"]
[Site "Chess.com"]
[Date "2023.08.29"]
[Round "10"]
[White "scandalgod"]
[Black "Leo_C"]
[Result "0-1"]
[WhiteElo "2491"]
[BlackElo "2579"]
[TimeControl "180+1"]
[EndTime "15:53:59 PDT"]
[Termination "Leo_C won by resignation"]

1. d4 Nf6 2. c4 e6 3. g3 d5 4. Bg2 Bb4+ 5. Bd2 Be7 6. Nf3 c6 7.
Qc2 Nbd7 8. O-O Ne4 9. Bc1 b6 10. Nfd2 f5 11. f3 Nxd2 12. Nxd2 Bf6 13. e3 h5 14. b3 h4 15. Bb2 hxg3 16. hxg3 Qc7 17. Kf2 Ba6 18. cxd5 Bxf1 19. Rxf1 Nf8 20. dxc6 Rc8 21. Rc1 Ng6 22. f4 Ne7 23. Nc4 Rh2 24.
Kg1 Rxg2+ 25. Qxg2 Qxc6 26. Qh2 b5 27. Nd2 Qb7 28. Qg2 Rxc1+ 29. Bxc1 Nd5 30. Nf1 Qc7 31. Qd2 Be7 32. a3 Nf6 33. Bb2 Ne4 34. Qd3 Qa5 35.
b4 Qb6 36. Bc3 Qc6 37. Be1 a6 38. Nd2 Qc1 39. Kf1 Nxg3+ 40. Kf2 Ne4+ 41. Ke2 Nc3+ 42. Kf2 Bh4+ 43. Kg2 Bxe1 44. Nf3 Ne4 45. d5 Bc3 46. dxe6 Qb2+ 47. Kg1 Qf2+ 48. Kh1 Qxf3+ 49. Kg1 Qg3+ 50. Kh1 Qe1+ 51. Kg2 Qd2+ 52. Qxd2 Bxd2 53. Kf3 Bc1 54. Ke2 Bxa3 0-1

[Event "Late-Titled-Tuesday-Blitz-August-29-2023"]
[Site "Chess.com"]
[Date "2023.08.29"]
[Round "10"]
[White "19912131712118"]
[Black "NigelDwarf"]
[Result "1-0"]
[WhiteElo "2444"]
[BlackElo "2539"]
[TimeControl "180+1"]
[EndTime "15:53:59 PDT"]
[Termination "19912131712118 won by resignation"]

1. e4 c5 2. Nf3 d6 3. d4 Nf6 4. Nc3 cxd4 5. Nxd4 a6 6. Bg5 Nbd7 7. f4 b5 8. a3 Bb7 9. Bd3 Rc8 10. Bh4 g6 11. O-O Bg7 12. Nf3 Rxc3 13. bxc3 Nxe4 14. Bxe4 Bxe4 15.
Re1 d5 16. Ng5 Nc5 17. Bf2 Qd6 18. Bd4 f6 19. Nxe4 Nxe4 20. Qf3 O-O 21. a4 e5 22. Be3 Nxc3 23. axb5 axb5 24. Ra7 d4 25. Bf2 Rf7 26. Rxf7 Kxf7 27. fxe5 Qd5 28. Qxd5+ Nxd5 29. e6+ Ke7 30. Bxd4 Nf4 31. Bc5+ Ke8 32. e7 f5 33. Rd1 Ne6 34.
Bb4 Bf6 35. Re1 Nc7 36. c3 Nd5 37. Re6 Nxb4 38. Rxf6 Kxe7 39. Rb6 Nd5 40. Rxb5 Nxc3 41. Rb7+ Kf6 42. Rxh7 Ne4 43. Ra7 g5 44. g3 g4 45.
Kg2 Ke5 46. Ra5+ Kf6 47. Kf1 Ng5 48. Ke2 Nf3 49. h4 Nd4+ 50. Ke3 Nc2+ 51. Kf4 Nd4 52. Ra6+ Ne6+ 53. Ke3 Ke5 54. h5 Kf6 55. h6 Ke7 56. Rxe6+ Kxe6 57. h7 Ke5 58. h8=Q+ 1-0

[Event "Late-Titled-Tuesday-Blitz-August-29-2023"]
[Site "Chess.com"]
[Date "2023.08.29"]
[Round "10"]
[White "Sinquefield"]
[Black "azikom"]
[Result "1-0"]
[WhiteElo "2472"]
[BlackElo "2666"]
[TimeControl "180+1"]
[EndTime "15:54:00 PDT"]
[Termination "Sinquefield won on time"]

1. d4 Nf6 2. Bg5 c5 3. d5 Qb6 4. Nc3 Qxb2 5. Bd2 Qb6 6. e4 e5 7. f4 d6 8. Nf3 Nbd7 9. fxe5 Nxe5 10. Nxe5 dxe5 11. Bb5+ Bd7 12. Bxd7+ Nxd7 13. O-O Be7 14.
Rb1 Qc7 15. Nb5 Qc8 16. Qg4 g6 17. Bg5 f6 18. d6 Nb6 19. Qxc8+ Rxc8 20. dxe7 fxg5 21.
Nd6+ Kxe7 22. Nxc8+ Rxc8 23. Rb3 c4 24. Rbf3 Nd7 25. Rf7+ Ke6 26. Rxh7 Nc5 27. Rg7 Nxe4 28. Rxg6+ Kd5 29. Rd1+ Kc5 30. Rg7 b5 31. Re1 Nc3 32. Rxe5+ Kd4 33. Rexg5 a6 34. h4 Rh8 35.
h5 Nxa2 36. Rg8 Rh7 37. R8g7 Rh8 38. Ra7 Nb4 39. g4 Nxc2 40. Rxa6 b4 41. Rd6+ Kc3 42. h6 b3 43. Rb5 Nb4 44. Rdb6 Nd3 45. g5 Nf4 46. g6 Nxg6 47. Rxg6 Kb2 48. Rc6 Kc3 49. Rbc5 Kb2 50. Rxc4 Rxh6 51. Rxh6 1-0

[Event "Late-Titled-Tuesday-Blitz-August-29-2023"]
[Site "Chess.com"]
[Date "2023.08.29"]
[Round "10"]
[White "Michalczak"]
[Black "ameetghasi100"]
[Result "0-1"]
[WhiteElo "2510"]
[BlackElo "2655"]
[TimeControl "180+1"]
[EndTime "15:54:00 PDT"]
[Termination "ameetghasi100 won by resignation"]

1. e4 g6 2. d4 Bg7 3. Nc3 d6 4. Be3 a6 5. h4 h6 6. Qd2 b5 7.
a3 Bb7 8. f3 Nd7 9. g4 c5 10.
d5 Ne5 11. b3 Nf6 12. Bg2 h5 13. g5 Nfd7 14. Rd1 Qc7 15. Nge2 O-O 16. O-O b4 17. axb4 cxb4 18. Na4 a5 19. f4 Bxd5 20. exd5 Ng4 21.
Bd4 Rac8 22. Bxg7 Kxg7 23. Nd4 Nc5 24. Nb2 Qa7 25. Kh1 e5 26. dxe6 fxe6 27. Nc4 d5 28. Ne5 Qc7 29. Nd3 Rce8 30. Nxc5 Qxc5 31. Rfe1 Qd6 32.
Rf1 e5 33. fxe5 Qxe5 34. Bf3 Ne3 35. Qh2 Rf4 36. Rde1 Ref8 37. Nc6 Qc3 38. Ne7 Nxf1 39. Rxf1 Rxf3 40. Rxf3 Qxf3+ 41. Qg2 Qxg2+ 42. Kxg2 Rd8 43. Nc6 Rc8 44. Nd4 Rc3 45. Kf2 Kf7 46. Ke2 Rh3 47. Nf3 Ke6 48. Kf2 Kf5 49. Kg2 Rxf3 50. Kxf3 d4 51.
Ke2 Ke4 52. Kd2 Ke5 53. Kd3 Kd5 54. Kd2 Ke4 55. Ke2 Kf4 56. Kd3 Kg4 57. Kxd4 Kxh4 58.
Kc5 Kxg5 59. Kb5 h4 60. Kxa5 h3 61. Kxb4 h2 62. c4 h1=Q 63. c5 Qe1+ 64. Kb5 Qe8+ 65.
c6 Kf6 66. Kb6 Ke6 67. c7 Kd7 68.
Kb7 Qc8+ 69. Kb6 Qxc7+ 0-1

[Event "Late-Titled-Tuesday-Blitz-August-29-2023"]
[Site "Chess.com"]
[Date "2023.08.29"]
[Round "10"]
[White "Sanan_Sjugirov"]
[Black "Fonsofan"]
[Result "1-0"]
[WhiteElo "2864"]
[BlackElo "2707"]
[TimeControl "180+1"]
[EndTime "15:54:02 PDT"]
[Termination "Sanan_Sjugirov won on time"]

1. d4 Nf6 2. Nf3 e6 3. g3 b6 4. Bg2 Bb7 5. c4 Bb4+ 6. Bd2 Qe7 7. O-O Bxd2 8. Qxd2 d6 9. Qe3 c5 10. Nc3 Nc6 11.
Rfd1 O-O 12. b3 Rfd8 13. Rd2 Rd7 14. Rad1 Rad8 15. h3 Kf8 16. g4 Nxd4 17. Nxd4 cxd4 18. Rxd4 Bxg2 19. Kxg2 d5 20. g5 Nh5 21. cxd5 e5 22.
Re4 Nf4+ 23. Kh2 Nxd5 24. Nxd5 Rxd5 25. Rxe5 Qxe5+ 26. Qxe5 Rxd1 27. Qc7 R1d7 28. Qc4 Rd2 29. a4 Kg8 30. Kg2 R2d4 31. Qa6 R4d7 32. h4 h6 33. e3 hxg5 34. hxg5 Re7 35. Qc4 Rde8 36. Qd4 Re5 37. Qg4 Rd8 38. Kf3 Rdd5 39. Qc8+ Kh7 40. Qc2+ Kg8 41. Qc7 a5 42. g6 fxg6 43. Qxb6 Kh7 44. Qc6 Rc5 45. Qd6 Rf5+ 46. Kg2 Rc2 47. Qh2+ Kg8 48.
Qb8+ Kh7 49. Qg3 Kg8 50. e4 Rf7 51. e5 Rf5 52. e6 Kf8 53. Qd6+ Kg8 54. Qd8+ Kh7 55.
Qh4+ 1-0

[Event "Late-Titled-Tuesday-Blitz-August-29-2023"]
[Site "Chess.com"]
[Date "2023.08.29"]
[Round "10"]
[White "ExchangeAB"]
[Black "Tejas_Rama"]
[Result "0-1"]
[WhiteElo "2444"]
[BlackElo "2561"]
[TimeControl "180+1"]
[EndTime "15:54:03 PDT"]
[Termination "Tejas_Rama won by resignation"]

1. d4 Nf6 2. Nc3 d5 3. Bf4 c5 4. e3 cxd4 5. exd4 a6 6. Nf3 Nc6 7. Ne5 Bd7 8. Nxc6 Bxc6 9. Bd3 e6 10. Rb1 Bb4 11. O-O O-O 12. Ne2 Bb5 13. c3 Bxd3 14. Qxd3 Bd6 15. Bg5 Bxh2+ 16. Kh1 Bd6 17. g3 h6 18. Bd2 Ne4 19. Kg2 Qf6 20. Be3 Ng5 21.
Bxg5 Qxg5 22. f4 Qf5 23. Qxf5 exf5 24. Rbe1 Rfe8 25. Nc1 Re4 26. Nd3 Rae8 27. Ne5 f6 28. Rxe4 fxe4 29. Ng6 Kf7 30. f5 Rc8 31. g4 Rc6 32.
Kf2 Rb6 33. Rb1 Ba3 34. Nf4 Rxb2+ 35. Rxb2 Bxb2 36. Nxd5 g6 37. Ke3 gxf5 38. gxf5 h5 39. Kxe4 Bc1 40. Nb4 Bd2 41. Kd3 Bf4 42. Ke2 Ke7 43.
Nd3 Bg3 44. Kf3 h4 45. Kg4 Kd6 46. c4 b6 47. Nb4 a5 48. Nd5 b5 49. Nxf6 bxc4 50.
Ne4+ Kd5 51. Nd2 Kxd4 52. f6 c3 53. Nf3+ Ke3 54. f7 Bd6 55. Ne1 Kd2 56. Nf3+ Kd1 57. Nd4 c2 58. Nxc2 Kxc2 59. Kxh4 Kb2 60. a4 Ka3 61. Kg5 Kxa4 62. Kf5 Kb4 63. Ke4 Bf8 64.
Kd3 Kb3 65. Kd2 Kb2 0-1

[Event "Late-Titled-Tuesday-Blitz-August-29-2023"]
[Site "Chess.com"]
[Date "2023.08.29"]
[Round "10"]
[White "BlackBoarder"]
[Black "LeninGuerra"]
[Result "0-1"]
[WhiteElo "2728"]
[BlackElo "2575"]
[TimeControl "180+1"]
[EndTime "15:54:04 PDT"]
[Termination "LeninGuerra won on time"]

1. e4 c5 2. Nf3 e6 3. c3 b6 4. d4 cxd4 5. cxd4 Bb7 6. Nc3 Nf6 7. Bd3 d6 8. O-O Be7 9. Qe2 O-O 10. e5 dxe5 11.
dxe5 Nd5 12. Qe4 g6 13. Nxd5 Qxd5 14. Qxd5 Bxd5 15. Nd4 Rd8 16. Be3 Nc6 17. Nxc6 Bxc6 18. Rfd1 Bd5 19. b3 Rac8 20. Rac1 Ba3 21. Rxc8 Rxc8 22. h4 Bb2 23. f4 h5 24. Kf2 Ba3 25. Rg1 Bc5 26. g4 hxg4 27. Rxg4 Bxe3+ 28. Kxe3 Kf8 29.
Rg5 Rc1 30. h5 gxh5 31. Rxh5 Ra1 32. Rh2 a5 33. Rc2 Kg7 34. f5 Re1+ 35. Kd4 Rd1 36.
f6+ Kh6 37. Rc7 Bf3 38. Ke3 Bh5 39. Bc4 b5 40. Bxb5 Rd5 41. Be8 Rxe5+ 42. Kd4 Rd5+ 43.
Kc3 Rf5 44. Bxf7 Rxf6 45. Bxh5 Kxh5 46. a4 Rf5 47. Kd4 Kg4 48. Re7 Rf3 49. Kc4 Re3 50. Rb7 Kf4 51. Rb5 Re4+ 52. Kc5 Re3 53. Kb6 e5 54.
Kxa5 e4 55. b4 Ra3 56. Rb8 e3 57. Re8 Kf3 58. b5 e2 59. Rxe2 Kxe2 60. b6 Kd3 61. b7 Rb3 62. Ka6 Kc3 63. Ka7 Rb4 64. a5 Kb3 0-1

[Event "Late-Titled-Tuesday-Blitz-August-29-2023"]
[Site "Chess.com"]
[Date "2023.08.29"]
[Round "10"]
[White "MYMChessAcademy"]
[Black "DenizSeyhanoglu1"]
[Result "0-1"]
[WhiteElo "2228"]
[BlackElo "2316"]
[TimeControl "180+1"]
[EndTime "15:54:09 PDT"]
[Termination "DenizSeyhanoglu1 won by checkmate"]

1. e4 d5 2. exd5 Qxd5 3. d4 Nf6 4. c4 Qd8 5. Nf3 c6 6. Nc3 Bg4 7. Be2 e6 8. h3 Bh5 9. O-O Nbd7 10. Be3 Be7 11. b3 O-O 12. Ne5 Bxe2 13. Qxe2 Nxe5 14. dxe5 Nd7 15. f4 Qc7 16. Rad1 Rad8 17. Ne4 Qa5 18. Nd6 Bxd6 19. Rxd6 Nb6 20. Rfd1 Nc8 21. b4 Qc7 22.
Rxd8 Rxd8 23. Rxd8+ Qxd8 24. Qd2 Qxd2 25. Bxd2 Nb6 26.
Be3 Nxc4 27. Bxa7 Kf8 28. Kf2 Ke8 29. Ke2 f6 30. Bd4 fxe5 31. fxe5 Na3 32. Kd3 Kf7 33. Bb2 Nb5 34. Kc4 Nc7 35. Kc5 Nd5 36. a4 Ke7 37. b5 cxb5 38. axb5 Kd7 39. Bc1 b6+ 40. Kc4 Ke7 41.
Bd2 Kf7 42. Kd3 Kg6 43. Ke4 Kh5 44. g3 h6 45. Kf3 Kg6 46. Ke4 Kh5 47. Kf3 g5 48. g4+ Kg6 49. Ke4 h5 50. Kf3 h4 51.
Ke4 Nc7 52. Be3 Nxb5 53. Bxb6 Nc3+ 54. Kf3 Nd5 55. Bd4 Nf4 56. Be3 Nxh3 57. Bd2 Kh6 58.
Be3 Kg6 59. Bd2 Kf7 60. Be3 Ke7 61. Bd2 Kd7 62. Be3 Kc6 63. Bd2 Kd5 64. Kg2 Nf4+ 65. Bxf4 gxf4 66. g5 Kxe5 67. g6 Kf6 68. g7 Kxg7 69. Kf3 h3 70. Kxf4 h2 71. Kg3 h1=Q 72. Kf4 Qe1 73. Kg5 Qe5+ 74. Kg4 Kg6 75. Kh4 Qg5+ 76.
Kh3 Kf5 77. Kh2 Kf4 78. Kh1 Kf3 79. Kh2 Qg2# 0-1